[ AOE2 MATCH · #460953793 ]
Team RMKoreans vs Sicilians
[ REPLAY ANALYSIS · EXTRACTED FROM THE RECORDED GAME ]
Feudal
11:29
Castle
19:44
Imperial
38:12
| APM avg | 28.5 |
| APM peak | 75 |
| eAPM avg | 18.9 |
| Villagers / military | 131 / 124 |
Focus
⚔️ 30.1% · 🌾 69.9%
War Wagon ×46 · Fire Lancer ×32 · Militia ×26 · Spearman ×11 · Trebuchet (Packed) ×4 · Trade Cart ×3
Feudal
—
Castle
—
Imperial
—
| APM avg | 13.9 |
| APM peak | 51 |
| eAPM avg | 9.9 |
| Villagers / military | 83 / 129 |
Focus
⚔️ 39.5% · 🌾 60.5%
Knight ×66 · Spearman ×29 · Serjeant ×17 · Cavalry Archer ×11 · Skirmisher ×6
Feudal
15:11
Castle
26:51
Imperial
45:45
| APM avg | 12.2 |
| APM peak | 81 |
| eAPM avg | 10.8 |
| Villagers / military | 71 / 258 |
Focus
⚔️ 57.3% · 🌾 42.7%
Militia ×155 · Spearman ×76 · Battering Ram ×21 · Trade Cart ×14 · Trebuchet (Packed) ×6
Feudal
—
Castle
—
Imperial
—
| APM avg | 7.8 |
| APM peak | 23 |
| eAPM avg | 6.3 |
| Villagers / military | 72 / 114 |
Focus
⚔️ 26.8% · 🌾 73.2%
Skirmisher ×63 · Spearman ×27 · Battle Elephant ×13 · Militia ×11 · Trade Cart ×10
Feudal
14:39
Castle
24:58
Imperial
44:12
| APM avg | 9.1 |
| APM peak | 29 |
| eAPM avg | 6.8 |
| Villagers / military | 125 / 73 |
Focus
⚔️ 32.8% · 🌾 67.2%
Knight ×44 · Spearman ×15 · Militia ×12 · Trebuchet (Packed) ×2
Feudal
13:29
Castle
31:14
Imperial
54:07
| APM avg | 21.4 |
| APM peak | 59 |
| eAPM avg | 13.1 |
| Villagers / military | 117 / 91 |
Focus
⚔️ 26.4% · 🌾 73.6%
Trade Cart ×48 · Knight ×40 · Skirmisher ×19 · Scout Cavalry ×14 · Throwing Axeman ×6 · Spearman ×5
Feudal
11:22
Castle
—
Imperial
—
| APM avg | 5.6 |
| APM peak | 34 |
| eAPM avg | 2.9 |
| Villagers / military | 35 / 47 |
Focus
⚔️ 38.4% · 🌾 61.6%
Spearman ×41 · Scout Cavalry ×6
Feudal
10:41
Castle
25:14
Imperial
41:04
| APM avg | 15.9 |
| APM peak | 38 |
| eAPM avg | 11.1 |
| Villagers / military | 125 / 231 |
Focus
⚔️ 29.0% · 🌾 71.0%
Scout Cavalry ×165 · Spearman ×52 · Skirmisher ×11 · Trebuchet (Packed) ×2 · Monk ×1
Match map
Initial resources + every placement click. Lines = walls · curves = elevation contours. ◆ gold · ⬟ stone · ● berries · ✦ relic · ◌ wall gap
Your base· Open — unwalled flank
dipirono8847's base· Open — unwalled flank
naps's base· Open — unwalled flank
SGTJAMTART's base· Open — unwalled flank
kzakaria9191's base· Open — unwalled flank
YJHAN's base
musaugal7's base· Open — unwalled flank
nabil1985's base· Open — unwalled flank
Smoothed initial terrain · ◌ = detected wall gap · hover for details
Inputs per minute
— Imported Heineken™ ★ - - dipirono8847
Build order — Imported Heineken™ ★
First 150 of 479 actions detected
| 0:02 | Create | Villager (Male) |
| 0:02 | Create | Villager (Male) |
| 0:02 | Create | Villager (Male) |
| 0:04 | Build | House |
| 0:04 | Build | House |
| 0:11 | Create | Villager (Male) |
| 1:26 | Create | Villager (Male) |
| 2:10 | Create | Villager (Male) |
| 2:19 | Build | House |
| 2:24 | Create | Villager (Male) |
| 3:04 | Create | Villager (Male) |
| 3:04 | Create | Villager (Male) |
| 3:19 | Create | Villager (Male) |
| 3:19 | Create | Villager (Male) |
| 3:31 | Create | Villager (Male) |
| 4:09 | Create | Villager (Male) |
| 4:09 | Create | Villager (Male) |
| 4:28 | Build | Lumber Camp |
| 4:31 | Create | Villager (Male) |
| 4:31 | Create | Villager (Male) |
| 4:36 | Build | House |
| 4:37 | Build | House |
| 5:27 | Create | Villager (Male) |
| 5:27 | Create | Villager (Male) |
| 5:27 | Create | Villager (Male) |
| 5:52 | Build | Mill |
| 5:56 | Create | Villager (Male) |
| 5:56 | Create | Villager (Male) |
| 5:56 | Create | Villager (Male) |
| 6:27 | Create | Villager (Male) |
| 7:22 | Create | Villager (Male) |
| 7:23 | Create | Villager (Male) |
| 7:23 | Create | Villager (Male) |
| 7:36 | Build | House |
| 7:41 | Create | Villager (Male) |
| 8:15 | Create | Villager (Male) |
| 8:27 | Build | Mining Camp |
| 8:45 | Build | House |
| 9:19 | Research | Feudal Age |
| 9:48 | Create | Villager (Male) |
| 9:49 | Create | Villager (Male) |
| 10:22 | Build | House |
| 11:29 | Age | Feudal Age |
| 12:31 | Create | Villager (Male) |
| 12:31 | Create | Villager (Male) |
| 12:31 | Create | Villager (Male) |
| 12:40 | Build | Market |
| 12:42 | Build | Blacksmith |
| 13:02 | Build | Mill |
| 13:26 | Build | Farm |
| 13:27 | Build | Farm |
| 13:28 | Build | Farm |
| 13:31 | Build | Mill |
| 13:34 | Build | Farm |
| 13:35 | Build | Farm |
| 13:35 | Build | Farm |
| 13:36 | Build | Farm |
| 13:37 | Build | Farm |
| 13:37 | Build | Farm |
| 13:38 | Build | Farm |
| 13:38 | Build | Farm |
| 13:38 | Build | Farm |
| 14:06 | Build | Farm |
| 14:58 | Create | Villager (Male) |
| 14:59 | Create | Villager (Male) |
| 15:34 | Build | Barracks |
| 15:45 | Build | Farm |
| 15:49 | Create | Villager (Male) |
| 15:50 | Create | Villager (Male) |
| 15:56 | Build | Lumber Camp |
| 16:05 | Build | Farm |
| 16:18 | Research | Man-at-Arms (upgrade) |
| 16:58 | Build | Barracks |
| 17:00 | Create | Villager (Male) |
| 17:04 | Research | Castle Age |
| 17:54 | Build | Mining Camp |
| 18:00 | Create | Villager (Male) |
| 18:01 | Create | Villager (Male) |
| 18:14 | Build | House |
| 18:16 | Build | House |
| 18:56 | Build | Farm |
| 19:09 | Create | Militia |
| 19:09 | Create | Militia |
| 19:09 | Create | Militia |
| 19:10 | Create | Militia |
| 19:12 | Build | Barracks |
| 19:44 | Age | Castle Age |
| 19:52 | Build | Town Center |
| 19:58 | Create | Villager (Male) |
| 19:58 | Create | Villager (Male) |
| 19:59 | Create | Villager (Male) |
| 20:07 | Research | Long Swordsman (upgrade) |
| 20:15 | Create | Fire Lancer |
| 20:16 | Create | Fire Lancer |
| 20:16 | Create | Fire Lancer |
| 20:17 | Create | Fire Lancer |
| 20:17 | Create | Fire Lancer |
| 20:18 | Create | Fire Lancer |
| 20:22 | Create | Militia |
| 20:22 | Create | Militia |
| 20:22 | Create | Militia |
| 20:26 | Create | Villager (Male) |
| 20:26 | Create | Villager (Male) |
| 20:26 | Create | Villager (Male) |
| 20:27 | Create | Villager (Male) |
| 20:43 | Build | House |
| 20:49 | Create | Villager (Male) |
| 20:50 | Create | Villager (Male) |
| 20:50 | Create | Villager (Male) |
| 20:50 | Create | Villager (Male) |
| 20:51 | Create | Villager (Male) |
| 21:07 | Create | Militia |
| 21:39 | Create | Villager (Male) |
| 21:39 | Create | Villager (Male) |
| 21:51 | Create | Militia |
| 21:52 | Create | Fire Lancer |
| 21:56 | Build | House |
| 21:58 | Build | House |
| 22:27 | Create | Villager (Male) |
| 22:28 | Create | Villager (Male) |
| 22:28 | Create | Villager (Male) |
| 22:28 | Create | Villager (Male) |
| 22:29 | Create | Villager (Male) |
| 22:36 | Build | House |
| 22:37 | Build | House |
| 23:17 | Build | Castle |
| 23:20 | Create | Villager (Male) |
| 23:21 | Create | Villager (Male) |
| 23:21 | Create | Villager (Male) |
| 23:21 | Create | Villager (Male) |
| 23:54 | Create | Militia |
| 23:54 | Create | Fire Lancer |
| 23:56 | Create | Militia |
| 23:56 | Create | Fire Lancer |
| 24:00 | Create | Fire Lancer |
| 24:29 | Build | Town Center |
| 24:39 | Research | Loom |
| 24:40 | Create | Villager (Male) |
| 24:43 | Create | Villager (Male) |
| 24:43 | Create | Villager (Male) |
| 25:02 | Research | Horse Collar |
| 25:37 | Build | Farm |
| 25:42 | Build | House |
| 25:43 | Build | House |
| 25:51 | Create | War Wagon |
| 25:52 | Create | War Wagon |
| 25:56 | Create | Militia |
| 25:56 | Create | Fire Lancer |
| 26:10 | Build | Mining Camp |
| 26:17 | Research | Wheelbarrow |
Build order — dipirono8847
First 150 of 362 actions detected
| 0:07 | Build | House |
| 0:10 | Create | Villager (Male) |
| 0:10 | Create | Villager (Male) |
| 0:10 | Create | Villager (Male) |
| 0:10 | Create | Villager (Male) |
| 0:11 | Create | Villager (Male) |
| 0:11 | Create | Villager (Male) |
| 0:29 | Build | House |
| 2:03 | Create | Villager (Male) |
| 2:03 | Create | Villager (Male) |
| 2:31 | Create | Villager (Male) |
| 3:17 | Create | Villager (Male) |
| 3:17 | Create | Villager (Male) |
| 3:49 | Build | Lumber Camp |
| 4:44 | Create | Villager (Male) |
| 4:45 | Create | Villager (Male) |
| 4:47 | Create | Villager (Male) |
| 5:19 | Build | House |
| 6:00 | Build | House |
| 6:04 | Create | Villager (Male) |
| 6:04 | Create | Villager (Male) |
| 6:27 | Build | Mill |
| 7:24 | Create | Villager (Male) |
| 7:24 | Create | Villager (Male) |
| 7:24 | Create | Villager (Male) |
| 7:25 | Create | Villager (Male) |
| 7:25 | Create | Villager (Male) |
| 8:43 | Build | Farm |
| 10:09 | Build | Palisade Wall |
| 10:34 | Research | Feudal Age |
| 11:15 | Build | Palisade Wall |
| 11:29 | Build | House |
| 11:30 | Build | House |
| 11:31 | Build | House |
| 11:32 | Build | House |
| 11:33 | Build | House |
| 12:13 | Build | Donjon |
| 12:27 | Create | Villager (Male) |
| 12:28 | Create | Villager (Male) |
| 12:28 | Create | Villager (Male) |
| 12:28 | Create | Villager (Male) |
| 12:45 | Research | Double-Bit Axe |
| 13:15 | Build | Mining Camp |
| 13:52 | Build | Stone Wall |
| 14:18 | Build | House |
| 14:19 | Build | House |
| 14:20 | Build | House |
| 14:30 | Research | Wheelbarrow |
| 14:32 | Create | Villager (Male) |
| 14:32 | Create | Villager (Male) |
| 15:04 | Build | Stone Wall |
| 15:51 | Build | House |
| 15:52 | Build | House |
| 15:53 | Build | House |
| 15:54 | Build | House |
| 15:55 | Build | House |
| 15:58 | Build | House |
| 16:12 | Build | Stone Wall |
| 16:34 | Build | Mining Camp |
| 16:42 | Create | Villager (Male) |
| 16:42 | Create | Villager (Male) |
| 16:53 | Build | Farm |
| 17:28 | Create | Spearman |
| 17:28 | Create | Spearman |
| 17:35 | Create | Serjeant |
| 17:36 | Create | Serjeant |
| 17:51 | Build | Building 487 |
| 18:02 | Build | Farm |
| 18:06 | Build | Farm |
| 18:07 | Build | Farm |
| 18:08 | Build | Farm |
| 18:10 | Build | Farm |
| 18:13 | Build | Farm |
| 18:15 | Build | Farm |
| 18:16 | Build | Farm |
| 18:25 | Research | Horse Collar |
| 18:32 | Create | Villager (Male) |
| 18:32 | Create | Villager (Male) |
| 18:32 | Create | Villager (Male) |
| 18:33 | Create | Villager (Male) |
| 19:05 | Build | Building 487 |
| 19:17 | Build | House |
| 19:18 | Build | House |
| 19:19 | Build | House |
| 19:20 | Build | House |
| 19:21 | Build | House |
| 19:22 | Build | House |
| 19:23 | Build | House |
| 19:24 | Build | House |
| 19:25 | Build | House |
| 19:26 | Build | House |
| 19:27 | Build | House |
| 19:44 | Research | Gold Mining |
| 19:44 | Research | Stone Mining |
| 20:49 | Build | Farm |
| 20:53 | Build | Blacksmith |
| 21:08 | Create | Serjeant |
| 21:09 | Create | Serjeant |
| 21:31 | Build | Donjon |
| 21:48 | Research | Forging |
| 21:48 | Research | Scale Mail Armor |
| 22:02 | Create | Villager (Male) |
| 22:02 | Create | Villager (Male) |
| 22:35 | Build | Farm |
| 22:52 | Build | Market |
| 23:11 | Build | Farm |
| 23:13 | Create | Villager (Male) |
| 23:13 | Create | Villager (Male) |
| 23:22 | Build | Donjon |
| 23:24 | Create | Serjeant |
| 23:25 | Create | Serjeant |
| 23:49 | Build | Farm |
| 24:11 | Build | Farm |
| 24:15 | Create | Villager (Male) |
| 25:01 | Build | Barracks |
| 25:03 | Build | Barracks |
| 25:06 | Create | Serjeant |
| 25:06 | Create | Serjeant |
| 25:27 | Build | Farm |
| 25:54 | Research | Castle Age |
| 26:01 | Research | Fletching |
| 26:10 | Create | Spearman |
| 26:11 | Create | Spearman |
| 26:27 | Build | House |
| 26:28 | Build | House |
| 26:29 | Build | House |
| 26:30 | Build | House |
| 26:31 | Build | House |
| 26:32 | Build | House |
| 26:33 | Build | House |
| 26:33 | Build | House |
| 26:34 | Build | House |
| 26:50 | Research | Arson |
| 26:54 | Create | Spearman |
| 27:18 | Build | Donjon |
| 27:36 | Create | Villager (Male) |
| 27:36 | Create | Villager (Male) |
| 27:37 | Create | Villager (Male) |
| 29:04 | Build | Farm |
| 29:16 | Build | Stable |
| 29:17 | Build | Stable |
| 29:40 | Build | Farm |
| 29:51 | Research | Iron Casting |
| 29:51 | Research | Chain Mail Armor |
| 29:54 | Research | Bow Saw |
| 29:58 | Build | Town Center |
| 30:01 | Research | Stone Shaft Mining |
| 30:03 | Research | Heavy Plow |
| 30:07 | Build | Farm |
| 30:10 | Create | Villager (Male) |
Build order — naps
First 150 of 467 actions detected
| 0:13 | Build | House |
| 0:15 | Build | House |
| 0:16 | Build | House |
| 0:17 | Build | House |
| 0:22 | Research | Loom |
| 0:23 | Create | Villager (Male) |
| 0:23 | Create | Villager (Male) |
| 0:23 | Create | Villager (Male) |
| 0:24 | Create | Villager (Male) |
| 1:56 | Create | Villager (Male) |
| 2:14 | Build | Mining Camp |
| 3:01 | Create | Villager (Male) |
| 3:35 | Create | Villager (Male) |
| 4:10 | Create | Villager (Male) |
| 4:39 | Build | Farm |
| 4:42 | Create | Villager (Male) |
| 5:03 | Create | Villager (Male) |
| 5:09 | Build | Farm |
| 5:37 | Create | Villager (Male) |
| 5:57 | Create | Villager (Male) |
| 6:18 | Create | Villager (Male) |
| 6:50 | Create | Villager (Male) |
| 6:50 | Create | Villager (Male) |
| 7:45 | Create | Villager (Male) |
| 7:46 | Create | Villager (Male) |
| 8:09 | Create | Villager (Male) |
| 8:10 | Create | Villager (Male) |
| 8:16 | Build | Farm |
| 8:57 | Build | House |
| 8:58 | Build | House |
| 8:59 | Build | House |
| 9:00 | Build | House |
| 9:22 | Build | Lumber Camp |
| 9:35 | Create | Villager (Male) |
| 9:35 | Create | Villager (Male) |
| 9:36 | Create | Villager (Male) |
| 9:36 | Create | Villager (Male) |
| 11:07 | Build | Mill |
| 12:02 | Create | Villager (Male) |
| 12:02 | Create | Villager (Male) |
| 12:32 | Build | Mining Camp |
| 13:01 | Research | Feudal Age |
| 13:11 | Build | Lumber Camp |
| 14:48 | Build | Barracks |
| 14:50 | Build | Barracks |
| 15:11 | Age | Feudal Age |
| 15:20 | Create | Villager (Male) |
| 15:20 | Create | Villager (Male) |
| 15:20 | Create | Villager (Male) |
| 15:21 | Create | Villager (Male) |
| 15:22 | Create | Villager (Male) |
| 15:29 | Research | Wheelbarrow |
| 15:52 | Build | Market |
| 15:53 | Build | Market |
| 16:01 | Build | Farm |
| 16:15 | Build | Farm |
| 16:34 | Research | Double-Bit Axe |
| 16:38 | Build | Farm |
| 16:46 | Research | Horse Collar |
| 17:20 | Build | Farm |
| 17:30 | Research | Man-at-Arms (upgrade) |
| 17:35 | Build | Blacksmith |
| 18:08 | Build | Farm |
| 18:11 | Research | Gold Mining |
| 18:22 | Build | Mining Camp |
| 18:31 | Research | Arson |
| 18:35 | Build | House |
| 18:36 | Build | House |
| 18:37 | Build | House |
| 18:39 | Build | House |
| 18:49 | Create | Villager (Male) |
| 18:50 | Create | Villager (Male) |
| 18:50 | Create | Villager (Male) |
| 19:04 | Create | Militia |
| 19:51 | Create | Trade Cart |
| 19:52 | Create | Trade Cart |
| 19:53 | Create | Trade Cart |
| 19:53 | Create | Trade Cart |
| 20:00 | Build | Farm |
| 20:01 | Build | Farm |
| 20:04 | Create | Villager (Male) |
| 20:04 | Create | Villager (Male) |
| 20:05 | Create | Villager (Male) |
| 20:05 | Create | Villager (Male) |
| 20:15 | Build | Lumber Camp |
| 20:26 | Create | Militia |
| 20:27 | Create | Militia |
| 22:05 | Research | Forging |
| 22:05 | Research | Scale Mail Armor |
| 22:09 | Create | Militia |
| 22:09 | Create | Militia |
| 22:09 | Create | Militia |
| 22:09 | Create | Militia |
| 22:09 | Create | Militia |
| 22:09 | Create | Militia |
| 22:09 | Create | Militia |
| 24:11 | Research | Castle Age |
| 26:41 | Research | Town Watch |
| 26:51 | Age | Castle Age |
| 26:58 | Research | Long Swordsman (upgrade) |
| 27:01 | Research | Iron Casting |
| 27:02 | Research | Chain Mail Armor |
| 27:14 | Build | Town Center |
| 28:03 | Build | Siege Workshop |
| 28:59 | Create | Militia |
| 28:59 | Create | Militia |
| 28:59 | Create | Militia |
| 29:00 | Create | Militia |
| 29:00 | Create | Militia |
| 29:00 | Create | Militia |
| 29:02 | Create | Militia |
| 29:02 | Create | Militia |
| 29:28 | Create | Villager (Male) |
| 29:28 | Create | Villager (Male) |
| 29:29 | Create | Villager (Male) |
| 29:29 | Create | Villager (Male) |
| 29:39 | Create | Villager (Male) |
| 29:49 | Create | Trade Cart |
| 29:49 | Create | Trade Cart |
| 29:50 | Create | Trade Cart |
| 29:50 | Create | Trade Cart |
| 29:50 | Create | Trade Cart |
| 29:50 | Create | Trade Cart |
| 29:51 | Create | Trade Cart |
| 29:52 | Create | Trade Cart |
| 29:52 | Create | Trade Cart |
| 29:53 | Create | Trade Cart |
| 30:02 | Build | Farm |
| 30:03 | Build | Farm |
| 30:28 | Build | Barracks |
| 30:30 | Build | Barracks |
| 30:31 | Build | Barracks |
| 30:52 | Build | Farm |
| 30:54 | Build | Farm |
| 30:57 | Create | Villager (Male) |
| 30:57 | Create | Villager (Male) |
| 30:57 | Create | Villager (Male) |
| 30:58 | Create | Villager (Male) |
| 30:58 | Create | Villager (Male) |
| 30:58 | Create | Villager (Male) |
| 30:58 | Create | Villager (Male) |
| 30:58 | Create | Villager (Male) |
| 30:58 | Create | Villager (Male) |
| 31:09 | Create | Battering Ram |
| 31:10 | Create | Battering Ram |
| 31:31 | Build | Farm |
| 31:32 | Build | Farm |
| 32:13 | Build | Farm |
| 32:15 | Build | Farm |
| 32:17 | Research | Heavy Plow |
Build order — SGTJAMTART
First 150 of 265 actions detected
| 0:25 | Build | House |
| 0:29 | Build | House |
| 0:30 | Build | House |
| 0:40 | Build | Mill |
| 0:45 | Create | Villager (Male) |
| 0:45 | Create | Villager (Male) |
| 0:46 | Create | Villager (Male) |
| 1:31 | Create | Villager (Male) |
| 2:28 | Create | Villager (Male) |
| 2:59 | Create | Villager (Male) |
| 3:23 | Create | Villager (Male) |
| 3:51 | Create | Villager (Male) |
| 3:53 | Create | Villager (Male) |
| 4:21 | Create | Villager (Male) |
| 4:58 | Create | Villager (Male) |
| 5:30 | Create | Villager (Male) |
| 5:30 | Create | Villager (Male) |
| 5:50 | Build | House |
| 6:30 | Create | Villager (Male) |
| 6:33 | Create | Villager (Male) |
| 7:42 | Build | Mill |
| 8:39 | Build | Lumber Camp |
| 9:15 | Create | Villager (Male) |
| 9:17 | Create | Villager (Male) |
| 9:44 | Create | Villager (Male) |
| 10:19 | Build | Barracks |
| 11:22 | Research | Feudal Age |
| 11:39 | Build | Farm |
| 11:42 | Build | Farm |
| 11:44 | Build | Farm |
| 11:46 | Build | Farm |
| 11:49 | Build | Farm |
| 11:52 | Build | Farm |
| 11:59 | Build | Farm |
| 12:04 | Build | Farm |
| 12:12 | Build | Farm |
| 12:16 | Build | Farm |
| 12:20 | Build | Farm |
| 12:23 | Build | Farm |
| 12:53 | Build | Farm |
| 12:57 | Build | Farm |
| 13:09 | Build | House |
| 13:16 | Build | House |
| 13:23 | Create | Militia |
| 13:36 | Create | Villager (Male) ×5 |
| 13:45 | Research | Man-at-Arms (upgrade) |
| 14:15 | Build | House |
| 14:17 | Build | House |
| 14:19 | Build | House |
| 14:21 | Build | House |
| 14:25 | Build | House |
| 14:40 | Create | Spearman |
| 14:41 | Create | Spearman |
| 14:43 | Create | Spearman |
| 14:53 | Research | Horse Collar |
| 15:01 | Create | Villager (Male) |
| 15:02 | Create | Villager (Male) |
| 15:03 | Create | Villager (Male) |
| 15:30 | Build | Mining Camp |
| 16:24 | Build | Farm |
| 16:33 | Create | Villager (Male) |
| 16:33 | Create | Villager (Male) |
| 16:37 | Build | Farm |
| 16:48 | Build | House |
| 17:09 | Build | Archery Range |
| 17:19 | Create | Militia |
| 17:19 | Create | Spearman |
| 17:50 | Create | Militia |
| 17:51 | Create | Spearman |
| 18:04 | Create | Militia |
| 18:04 | Create | Spearman |
| 18:31 | Create | Skirmisher ×5 |
| 18:56 | Build | House |
| 19:01 | Create | Villager (Male) |
| 19:01 | Create | Villager (Male) |
| 19:02 | Create | Villager (Male) |
| 19:20 | Build | Farm |
| 19:23 | Build | Farm |
| 19:25 | Build | Farm |
| 19:58 | Create | Villager (Male) |
| 20:48 | Build | Blacksmith |
| 21:17 | Create | Skirmisher |
| 21:18 | Create | Skirmisher |
| 21:20 | Create | Skirmisher |
| 21:20 | Create | Skirmisher |
| 21:33 | Research | Fletching |
| 21:35 | Research | Scale Mail Armor |
| 21:35 | Research | Padded Archer Armor |
| 21:37 | Research | Forging |
| 21:49 | Create | Skirmisher |
| 21:50 | Create | Skirmisher |
| 21:52 | Create | Militia |
| 21:52 | Create | Spearman |
| 21:53 | Create | Militia |
| 21:54 | Create | Spearman |
| 21:54 | Create | Militia |
| 21:55 | Create | Spearman |
| 21:59 | Create | Spearman |
| 21:59 | Create | Spearman |
| 22:14 | Create | Villager (Male) |
| 22:15 | Create | Villager (Male) |
| 22:25 | Build | Farm |
| 22:38 | Create | Villager (Male) |
| 22:42 | Build | Farm |
| 23:03 | Build | Farm |
| 23:19 | Create | Villager (Male) |
| 23:22 | Create | Villager (Male) |
| 24:09 | Create | Villager (Male) |
| 24:12 | Create | Villager (Male) |
| 24:12 | Create | Villager (Male) |
| 24:13 | Create | Villager (Male) |
| 24:14 | Create | Villager (Male) |
| 24:30 | Create | Skirmisher ×4 |
| 24:54 | Build | House |
| 24:57 | Build | House |
| 24:59 | Build | House |
| 25:02 | Build | House |
| 25:36 | Build | Farm |
| 25:37 | Build | Farm |
| 25:49 | Build | Farm |
| 26:01 | Create | Villager (Male) |
| 26:20 | Build | Barracks |
| 26:22 | Build | Barracks |
| 26:51 | Build | Farm |
| 26:53 | Build | Farm |
| 26:59 | Build | Farm |
| 27:06 | Research | Wheelbarrow |
| 27:36 | Build | Barracks |
| 29:12 | Research | Castle Age |
| 29:30 | Create | Militia |
| 29:31 | Create | Militia |
| 29:32 | Create | Militia |
| 29:35 | Create | Spearman |
| 29:35 | Create | Spearman |
| 29:36 | Create | Spearman |
| 29:47 | Build | Archery Range |
| 29:49 | Build | Archery Range |
| 30:32 | Create | Militia |
| 30:32 | Create | Spearman |
| 31:05 | Create | Skirmisher ×5 |
| 31:05 | Create | Skirmisher ×5 |
| 31:59 | Research | Long Swordsman (upgrade) |
| 32:00 | Research | Pikeman (upgrade) |
| 32:00 | Research | Gambesons |
| 32:01 | Research | Squires |
| 32:02 | Research | Arson |
| 32:11 | Research | Elite Skirmisher (upgrade) |
| 32:32 | Create | Spearman ×5 |
| 32:36 | Create | Spearman ×5 |
| 32:46 | Create | Skirmisher ×4 |
Build order — kzakaria9191
First 150 of 302 actions detected
| 0:25 | Research | Loom |
| 0:26 | Create | Villager (Male) |
| 0:26 | Create | Villager (Male) |
| 0:26 | Create | Villager (Male) |
| 0:26 | Create | Villager (Male) |
| 0:27 | Create | Villager (Male) |
| 0:59 | Build | House |
| 1:03 | Build | House |
| 1:06 | Build | House |
| 1:11 | Build | House |
| 2:13 | Create | Villager (Male) |
| 2:13 | Create | Villager (Male) |
| 2:13 | Create | Villager (Male) |
| 2:13 | Create | Villager (Male) |
| 3:05 | Build | Lumber Camp |
| 3:14 | Create | Villager (Male) |
| 3:14 | Create | Villager (Male) |
| 3:15 | Create | Villager (Male) |
| 3:15 | Create | Villager (Male) |
| 3:23 | Create | Villager (Male) |
| 3:23 | Create | Villager (Male) |
| 3:51 | Create | Villager (Male) |
| 3:52 | Create | Villager (Male) |
| 4:13 | Create | Villager (Male) |
| 4:13 | Create | Villager (Male) |
| 4:49 | Create | Villager (Male) |
| 4:49 | Create | Villager (Male) |
| 4:50 | Create | Villager (Male) |
| 5:24 | Create | Villager (Male) |
| 5:24 | Create | Villager (Male) |
| 5:24 | Create | Villager (Male) |
| 5:36 | Create | Villager (Male) |
| 5:36 | Create | Villager (Male) |
| 5:36 | Create | Villager (Male) |
| 5:52 | Create | Villager (Male) |
| 5:53 | Create | Villager (Male) |
| 6:19 | Create | Villager (Male) |
| 6:20 | Create | Villager (Male) |
| 6:52 | Build | Mill |
| 7:07 | Create | Villager (Male) |
| 7:07 | Create | Villager (Male) |
| 7:07 | Create | Villager (Male) |
| 7:07 | Create | Villager (Male) |
| 9:43 | Create | Villager (Male) |
| 9:43 | Create | Villager (Male) |
| 9:44 | Create | Villager (Male) |
| 11:19 | Build | Barracks |
| 11:27 | Build | Barracks |
| 11:34 | Build | Barracks |
| 12:29 | Research | Feudal Age |
| 13:19 | Build | Farm |
| 13:22 | Build | Farm |
| 13:26 | Build | Farm |
| 13:32 | Build | Mill |
| 13:36 | Build | Farm |
| 13:40 | Build | Farm |
| 13:45 | Build | Farm |
| 13:48 | Build | Farm |
| 13:52 | Build | Farm |
| 13:55 | Build | Farm |
| 14:07 | Build | House |
| 14:12 | Build | House |
| 14:18 | Create | Villager (Male) |
| 14:18 | Create | Villager (Male) |
| 14:19 | Create | Villager (Male) |
| 14:19 | Create | Villager (Male) |
| 14:19 | Create | Villager (Male) |
| 14:25 | Create | Villager (Male) |
| 14:39 | Age | Feudal Age |
| 15:11 | Build | Mining Camp |
| 15:44 | Build | House |
| 15:47 | Build | House |
| 16:45 | Build | Market |
| 17:00 | Build | Blacksmith |
| 17:08 | Create | Villager (Male) |
| 17:08 | Create | Villager (Male) |
| 17:09 | Create | Villager (Male) |
| 17:09 | Create | Villager (Male) |
| 17:09 | Create | Villager (Male) |
| 17:31 | Create | Villager (Male) |
| 17:32 | Create | Villager (Male) |
| 17:40 | Build | Mining Camp |
| 17:58 | Research | Man-at-Arms (upgrade) |
| 18:00 | Create | Spearman |
| 18:01 | Create | Spearman |
| 18:43 | Build | House |
| 18:55 | Create | Villager (Male) |
| 18:55 | Create | Villager (Male) |
| 18:56 | Create | Villager (Male) |
| 19:33 | Build | Stable |
| 19:50 | Build | Farm |
| 20:08 | Research | Double-Bit Axe |
| 20:25 | Create | Militia |
| 20:25 | Create | Militia |
| 21:24 | Build | Farm |
| 21:28 | Build | Farm |
| 22:18 | Research | Castle Age |
| 22:51 | Build | Farm |
| 23:34 | Create | Militia |
| 23:34 | Create | Militia |
| 23:34 | Create | Militia |
| 23:35 | Create | Militia |
| 23:41 | Research | Forging |
| 24:21 | Create | Militia |
| 24:21 | Create | Militia |
| 24:23 | Create | Militia |
| 24:23 | Create | Militia |
| 24:58 | Age | Castle Age |
| 25:00 | Create | Knight |
| 25:01 | Create | Knight |
| 25:55 | Research | Scale Barding Armor |
| 26:05 | Create | Villager (Male) |
| 26:05 | Create | Villager (Male) |
| 26:06 | Create | Villager (Male) |
| 26:06 | Create | Villager (Male) |
| 26:06 | Create | Villager (Male) |
| 27:31 | Build | Castle |
| 27:33 | Create | Knight |
| 27:33 | Create | Knight |
| 27:39 | Research | Long Swordsman (upgrade) |
| 27:41 | Create | Militia |
| 27:41 | Create | Militia |
| 28:06 | Build | Town Center |
| 28:12 | Create | Villager (Male) |
| 28:13 | Create | Villager (Male) |
| 28:13 | Create | Villager (Male) |
| 28:13 | Create | Villager (Male) |
| 28:13 | Create | Villager (Male) |
| 28:14 | Create | Villager (Male) |
| 30:16 | Build | Mining Camp |
| 30:31 | Build | Stone Wall |
| 30:36 | Build | Building 490 |
| 30:42 | Build | Building 490 |
| 30:54 | Build | Castle |
| 31:08 | Build | Stable |
| 31:14 | Research | Town Watch |
| 31:15 | Create | Villager (Male) |
| 31:16 | Create | Villager (Male) |
| 31:16 | Create | Villager (Male) |
| 31:16 | Create | Villager (Male) |
| 31:16 | Create | Villager (Male) |
| 31:16 | Create | Villager (Male) |
| 31:20 | Research | Bow Saw |
| 31:47 | Create | Villager (Male) |
| 31:47 | Create | Villager (Male) |
| 31:47 | Create | Villager (Male) |
| 31:48 | Create | Villager (Male) |
| 32:02 | Build | University |
| 32:15 | Build | Farm |
| 32:17 | Build | Farm |
Build order — YJHAN
First 150 of 447 actions detected
| 0:11 | Build | House |
| 0:12 | Build | House |
| 0:13 | Build | House |
| 0:17 | Create | Villager (Male) |
| 0:18 | Create | Villager (Male) |
| 0:18 | Create | Villager (Male) |
| 0:18 | Create | Villager (Male) |
| 0:18 | Create | Villager (Male) |
| 0:18 | Create | Villager (Male) |
| 0:20 | Research | Loom |
| 2:14 | Create | Villager (Male) |
| 2:47 | Create | Villager (Male) |
| 3:17 | Create | Villager (Male) |
| 3:34 | Create | Villager (Male) |
| 3:35 | Create | Villager (Male) |
| 4:09 | Build | Outpost |
| 5:07 | Build | Lumber Camp |
| 5:11 | Create | Villager (Male) |
| 5:11 | Create | Villager (Male) |
| 5:11 | Create | Villager (Male) |
| 5:11 | Create | Villager (Male) |
| 5:37 | Build | Outpost |
| 5:41 | Create | Villager (Male) |
| 5:42 | Create | Villager (Male) |
| 5:42 | Create | Villager (Male) |
| 6:04 | Build | House |
| 6:05 | Build | House |
| 6:07 | Build | House |
| 6:17 | Create | Villager (Male) |
| 6:22 | Create | Villager (Male) |
| 6:47 | Build | Mill |
| 7:03 | Create | Villager (Male) |
| 7:06 | Create | Villager (Male) |
| 7:06 | Create | Villager (Male) |
| 8:21 | Build | Outpost |
| 8:38 | Create | Villager (Male) |
| 8:43 | Create | Villager (Male) |
| 8:58 | Build | Outpost |
| 9:32 | Create | Villager (Male) |
| 9:33 | Create | Villager (Male) |
| 9:38 | Create | Villager (Male) |
| 9:57 | Build | Outpost |
| 10:16 | Build | Mining Camp |
| 11:05 | Build | Outpost |
| 11:20 | Research | Feudal Age |
| 11:48 | Build | Outpost |
| 12:07 | Build | Barracks |
| 12:56 | Create | Villager (Male) |
| 12:57 | Create | Villager (Male) |
| 12:57 | Create | Villager (Male) |
| 13:29 | Age | Feudal Age |
| 13:39 | Build | Watch Tower |
| 13:55 | Build | Archery Range |
| 13:57 | Create | Spearman |
| 13:58 | Create | Spearman |
| 13:59 | Create | Spearman |
| 14:02 | Research | Arson |
| 14:04 | Create | Spearman |
| 14:06 | Create | Spearman |
| 14:31 | Build | Stone Wall |
| 14:39 | Build | Stone Wall |
| 14:58 | Build | Lumber Camp |
| 15:12 | Build | Mining Camp |
| 15:18 | Create | Skirmisher |
| 15:19 | Create | Skirmisher |
| 15:42 | Build | Stone Wall |
| 16:00 | Build | House |
| 16:09 | Research | Double-Bit Axe |
| 16:12 | Create | Villager (Male) |
| 16:12 | Create | Villager (Male) |
| 16:12 | Create | Villager (Male) |
| 16:13 | Create | Villager (Male) |
| 16:13 | Create | Villager (Male) |
| 16:33 | Build | Stone Wall |
| 16:36 | Build | Building 487 |
| 16:52 | Build | Blacksmith |
| 17:11 | Build | House |
| 17:12 | Build | House |
| 17:13 | Build | House |
| 17:14 | Build | House |
| 17:36 | Create | Skirmisher |
| 17:36 | Create | Skirmisher |
| 17:36 | Create | Skirmisher |
| 18:14 | Create | Skirmisher |
| 18:46 | Build | Watch Tower |
| 18:55 | Build | Market |
| 19:03 | Create | Skirmisher |
| 19:09 | Build | Farm |
| 19:10 | Build | Farm |
| 19:11 | Build | Farm |
| 19:12 | Build | Farm |
| 19:13 | Build | Farm |
| 19:21 | Build | Farm |
| 19:23 | Build | Farm |
| 19:24 | Build | Farm |
| 20:24 | Research | Fletching |
| 20:31 | Research | Forging |
| 20:43 | Create | Skirmisher |
| 20:43 | Create | Skirmisher |
| 20:43 | Create | Skirmisher |
| 20:43 | Create | Skirmisher |
| 20:52 | Create | Skirmisher |
| 20:52 | Create | Skirmisher |
| 21:23 | Build | Outpost |
| 21:29 | Research | Town Watch |
| 21:38 | Create | Villager (Male) |
| 21:52 | Create | Skirmisher |
| 21:57 | Create | Skirmisher |
| 22:08 | Build | Outpost |
| 22:17 | Create | Skirmisher |
| 22:29 | Build | Stone Wall |
| 22:35 | Build | Building 487 |
| 22:38 | Build | Building 673 |
| 22:47 | Build | House |
| 22:48 | Build | House |
| 22:50 | Build | House |
| 22:51 | Build | House |
| 22:52 | Build | House |
| 22:52 | Build | House |
| 22:54 | Build | House |
| 22:54 | Build | House |
| 23:02 | Create | Villager (Male) |
| 23:02 | Create | Villager (Male) |
| 23:03 | Create | Villager (Male) |
| 23:03 | Create | Villager (Male) |
| 23:17 | Create | Skirmisher |
| 23:37 | Build | Farm |
| 23:44 | Build | Farm |
| 23:46 | Build | Farm |
| 23:52 | Create | Villager (Male) |
| 23:53 | Create | Villager (Male) |
| 24:00 | Build | Farm |
| 24:17 | Create | Villager (Male) |
| 24:36 | Build | Farm |
| 25:15 | Create | Skirmisher |
| 25:24 | Build | Farm |
| 25:31 | Build | Farm |
| 25:35 | Create | Villager (Male) |
| 26:15 | Build | Stone Wall |
| 26:23 | Build | Stone Wall |
| 26:27 | Build | Building 487 |
| 26:52 | Create | Villager (Male) |
| 26:54 | Create | Villager (Male) |
| 27:03 | Build | Lumber Camp |
| 27:12 | Build | Outpost |
| 27:25 | Build | Stone Wall |
| 27:32 | Build | Stone Wall |
| 27:38 | Build | Stone Wall |
| 27:42 | Build | Building 487 |
| 27:44 | Build | Building 665 |
Build order — musaugal7
121 actions detected in the replay
| 0:10 | Build | House |
| 0:11 | Build | House |
| 0:12 | Build | House |
| 0:14 | Build | House |
| 0:17 | Research | Loom |
| 0:18 | Create | Villager (Male) |
| 0:18 | Create | Villager (Male) |
| 0:18 | Create | Villager (Male) |
| 0:19 | Create | Villager (Male) |
| 0:19 | Create | Villager (Male) |
| 0:19 | Create | Villager (Male) |
| 2:16 | Build | Mill |
| 2:34 | Create | Villager (Male) |
| 2:34 | Create | Villager (Male) |
| 2:35 | Create | Villager (Male) |
| 3:22 | Create | Villager (Male) |
| 3:22 | Create | Villager (Male) |
| 3:23 | Create | Villager (Male) |
| 4:31 | Create | Villager (Male) |
| 4:32 | Create | Villager (Male) |
| 4:32 | Create | Villager (Male) |
| 4:32 | Create | Villager (Male) |
| 4:32 | Create | Villager (Male) |
| 5:31 | Create | Villager (Male) |
| 5:32 | Create | Villager (Male) |
| 5:32 | Create | Villager (Male) |
| 5:32 | Create | Villager (Male) |
| 6:40 | Create | Villager (Male) |
| 6:41 | Create | Villager (Male) |
| 6:41 | Create | Villager (Male) |
| 6:41 | Create | Villager (Male) |
| 7:18 | Build | Lumber Camp |
| 8:46 | Build | House |
| 8:47 | Build | House |
| 8:49 | Build | House |
| 8:50 | Build | House |
| 8:53 | Build | House |
| 8:58 | Build | House |
| 9:04 | Build | House |
| 9:12 | Research | Feudal Age |
| 10:02 | Build | Farm |
| 10:58 | Build | Barracks |
| 11:22 | Age | Feudal Age |
| 11:30 | Build | Stone Wall |
| 12:08 | Create | Spearman |
| 12:09 | Create | Spearman |
| 12:09 | Create | Spearman |
| 12:09 | Create | Spearman |
| 12:09 | Create | Spearman |
| 12:26 | Build | Farm |
| 13:03 | Create | Spearman |
| 13:03 | Create | Spearman |
| 13:03 | Create | Spearman |
| 13:04 | Create | Spearman |
| 13:04 | Create | Spearman |
| 13:04 | Create | Spearman |
| 13:05 | Create | Spearman |
| 13:05 | Create | Spearman |
| 13:30 | Research | Double-Bit Axe |
| 14:06 | Build | Stable |
| 14:43 | Build | Farm |
| 14:45 | Build | Farm |
| 14:46 | Build | Farm |
| 14:48 | Build | Farm |
| 15:10 | Create | Scout Cavalry |
| 15:11 | Create | Scout Cavalry |
| 15:11 | Create | Scout Cavalry |
| 15:11 | Create | Scout Cavalry |
| 15:11 | Create | Scout Cavalry |
| 15:11 | Create | Scout Cavalry |
| 15:29 | Build | Stone Wall |
| 15:42 | Build | Farm |
| 15:44 | Build | Farm |
| 15:45 | Build | Farm |
| 18:04 | Build | Archery Range |
| 18:22 | Build | Mining Camp |
| 18:33 | Create | Villager (Male) |
| 18:33 | Create | Villager (Male) |
| 18:33 | Create | Villager (Male) |
| 18:33 | Create | Villager (Male) |
| 18:34 | Create | Villager (Male) |
| 18:34 | Create | Villager (Male) |
| 18:34 | Create | Villager (Male) |
| 18:35 | Create | Villager (Male) |
| 18:35 | Create | Villager (Male) |
| 18:35 | Create | Villager (Male) |
| 19:39 | Build | Farm |
| 20:13 | Research | Stone Mining |
| 20:47 | Build | Stone Wall |
| 21:40 | Create | Spearman |
| 21:40 | Create | Spearman |
| 21:41 | Create | Spearman |
| 21:41 | Create | Spearman |
| 21:41 | Create | Spearman |
| 21:41 | Create | Spearman |
| 21:41 | Create | Spearman |
| 21:42 | Create | Spearman |
| 21:42 | Create | Spearman |
| 21:42 | Create | Spearman |
| 21:42 | Create | Spearman |
| 21:43 | Create | Spearman |
| 22:14 | Build | Farm |
| 23:36 | Research | Man-at-Arms (upgrade) |
| 24:36 | Build | Stone Wall |
| 25:22 | Create | Spearman |
| 25:22 | Create | Spearman |
| 25:23 | Create | Spearman |
| 25:23 | Create | Spearman |
| 25:23 | Create | Spearman |
| 25:24 | Create | Spearman |
| 25:24 | Create | Spearman |
| 25:24 | Create | Spearman |
| 25:24 | Create | Spearman |
| 25:25 | Create | Spearman |
| 25:25 | Create | Spearman |
| 25:25 | Create | Spearman |
| 25:50 | Create | Spearman |
| 25:50 | Create | Spearman |
| 25:50 | Create | Spearman |
| 25:51 | Create | Spearman |
| 26:06 | Research | Wheelbarrow |
Build order — nabil1985
First 150 of 423 actions detected
| 0:04 | Create | Villager (Male) |
| 0:04 | Create | Villager (Male) |
| 0:04 | Create | Villager (Male) |
| 0:05 | Create | Villager (Male) |
| 0:06 | Build | House |
| 0:07 | Build | House |
| 0:10 | Build | House |
| 1:29 | Create | Villager (Male) |
| 1:52 | Build | Mill |
| 2:41 | Create | Villager (Male) |
| 2:42 | Create | Villager (Male) |
| 2:42 | Create | Villager (Male) |
| 3:26 | Create | Villager (Male) |
| 3:53 | Create | Villager (Male) |
| 3:54 | Create | Villager (Male) |
| 3:54 | Create | Villager (Male) |
| 3:55 | Create | Villager (Male) |
| 4:34 | Create | Villager (Male) |
| 4:35 | Create | Villager (Male) |
| 5:00 | Create | Villager (Male) |
| 5:00 | Create | Villager (Male) |
| 5:37 | Build | House |
| 5:40 | Create | Villager (Male) |
| 6:07 | Create | Villager (Male) |
| 6:33 | Create | Villager (Male) |
| 7:00 | Create | Villager (Male) |
| 7:27 | Build | Lumber Camp |
| 7:36 | Create | Villager (Male) |
| 7:57 | Create | Villager (Male) |
| 8:28 | Research | Feudal Age |
| 9:15 | Build | House |
| 9:21 | Create | Villager (Male) |
| 10:41 | Age | Feudal Age |
| 10:49 | Build | Lumber Camp |
| 11:04 | Build | Mining Camp |
| 11:09 | Create | Villager (Male) |
| 11:10 | Create | Villager (Male) |
| 11:35 | Build | Palisade Wall |
| 11:49 | Research | Loom |
| 11:58 | Create | Villager (Male) |
| 11:58 | Create | Villager (Male) |
| 12:03 | Build | Farm |
| 12:04 | Research | Horse Collar |
| 12:05 | Research | Double-Bit Axe |
| 12:28 | Build | Market |
| 12:32 | Build | Blacksmith |
| 12:38 | Build | House |
| 12:40 | Build | House |
| 12:50 | Build | Farm |
| 12:52 | Build | Farm |
| 13:06 | Create | Villager (Male) |
| 13:06 | Create | Villager (Male) |
| 13:14 | Build | House |
| 13:17 | Build | House |
| 13:42 | Build | House |
| 13:48 | Build | House |
| 13:54 | Build | House |
| 14:00 | Create | Villager (Male) |
| 14:00 | Create | Villager (Male) |
| 14:36 | Build | Barracks |
| 15:15 | Create | Spearman |
| 15:15 | Create | Spearman |
| 15:16 | Create | Spearman |
| 15:23 | Create | Villager (Male) |
| 15:23 | Create | Villager (Male) |
| 15:47 | Research | Forging |
| 15:48 | Research | Scale Mail Armor |
| 15:59 | Build | Farm |
| 16:12 | Create | Spearman |
| 16:16 | Create | Villager (Male) |
| 16:16 | Create | Villager (Male) |
| 16:19 | Build | Farm |
| 16:25 | Build | Farm |
| 16:26 | Build | Farm |
| 16:27 | Build | Farm |
| 16:29 | Build | Farm |
| 16:31 | Build | Farm |
| 16:33 | Build | Farm |
| 16:38 | Build | Farm |
| 16:39 | Build | Farm |
| 16:50 | Build | Watch Tower |
| 16:56 | Build | Watch Tower |
| 17:10 | Create | Spearman |
| 17:10 | Create | Spearman |
| 18:22 | Create | Villager (Male) |
| 18:22 | Create | Villager (Male) |
| 18:32 | Build | Farm |
| 18:53 | Build | Mining Camp |
| 19:03 | Build | Archery Range |
| 19:07 | Build | Farm |
| 19:16 | Build | Farm |
| 19:18 | Create | Villager (Male) |
| 19:18 | Create | Villager (Male) |
| 19:42 | Build | House |
| 19:45 | Build | House |
| 20:04 | Build | Farm |
| 20:09 | Create | Villager (Male) |
| 20:12 | Build | Farm |
| 20:30 | Create | Villager (Male) |
| 20:39 | Build | Farm |
| 22:06 | Build | Lumber Camp |
| 22:22 | Build | Farm |
| 22:34 | Research | Castle Age |
| 22:44 | Create | Skirmisher |
| 22:45 | Create | Skirmisher |
| 22:47 | Create | Spearman |
| 22:47 | Create | Spearman |
| 23:19 | Create | Skirmisher |
| 23:34 | Create | Skirmisher |
| 23:36 | Create | Spearman |
| 23:36 | Create | Spearman |
| 23:57 | Create | Skirmisher |
| 23:59 | Create | Spearman |
| 24:04 | Create | Villager (Male) |
| 24:05 | Create | Villager (Male) |
| 24:06 | Create | Villager (Male) |
| 24:36 | Create | Spearman |
| 24:36 | Create | Spearman |
| 24:38 | Create | Skirmisher |
| 24:38 | Create | Skirmisher |
| 24:58 | Create | Skirmisher |
| 24:58 | Create | Skirmisher |
| 24:59 | Create | Spearman |
| 25:00 | Create | Spearman |
| 25:14 | Age | Castle Age |
| 25:46 | Build | Town Center |
| 25:52 | Create | Villager (Male) |
| 25:52 | Create | Villager (Male) |
| 25:53 | Create | Villager (Male) |
| 25:53 | Create | Villager (Male) |
| 26:14 | Research | Fletching |
| 26:39 | Build | Town Center |
| 26:45 | Create | Villager (Male) |
| 26:45 | Create | Villager (Male) |
| 26:45 | Create | Villager (Male) |
| 26:45 | Create | Villager (Male) |
| 27:46 | Build | Castle |
| 27:50 | Create | Villager (Male) |
| 27:50 | Create | Villager (Male) |
| 28:04 | Build | Monastery |
| 28:14 | Create | Skirmisher |
| 28:14 | Create | Skirmisher |
| 28:16 | Create | Spearman |
| 28:16 | Create | Spearman |
| 28:38 | Create | Villager (Male) |
| 28:39 | Create | Villager (Male) |
| 28:39 | Create | Villager (Male) |
| 29:08 | Create | Villager (Male) |
| 29:09 | Create | Villager (Male) |
| 29:09 | Create | Villager (Male) |
Match timeline
| 10:09 | dipirono8847 · wall_segment Palisade Wall x12 |
| 10:19 | SGTJAMTART · first_building Barracks |
| 10:41 | nabil1985 · age_up feudal |
| 10:58 | musaugal7 · first_building Barracks |
| 11:15 | dipirono8847 · wall_segment Palisade Wall x5 |
| 11:19 | kzakaria9191 · first_building Barracks |
| 11:22 | musaugal7 · age_up feudal |
| 11:29 | Imported Heineken™ ★ · age_up feudal |
| 11:30 | musaugal7 · wall_segment Stone Wall x22 |
| 11:35 | nabil1985 · wall_segment Palisade Wall x1 |
| 12:07 | YJHAN · first_building Barracks |
| 12:13 | dipirono8847 · first_building Donjon |
| 13:29 | YJHAN · age_up feudal |
| 13:52 | dipirono8847 · wall_segment Stone Wall x7 |
| 13:55 | YJHAN · first_building Archery Range |
| 14:06 | musaugal7 · first_building Stable |
| 14:31 | YJHAN · wall_segment Stone Wall x5 |
| 14:36 | nabil1985 · first_building Barracks |
| 14:39 | kzakaria9191 · age_up feudal |
| 14:39 | YJHAN · wall_segment Stone Wall x1 |
| 14:48 | naps · first_building Barracks |
| 15:04 | dipirono8847 · wall_segment Stone Wall x7 |
| 15:11 | naps · age_up feudal |
| 15:29 | musaugal7 · wall_segment Stone Wall x15 |
| 15:34 | Imported Heineken™ ★ · first_building Barracks |
| 15:42 | YJHAN · wall_segment Stone Wall x12 |
| 16:12 | dipirono8847 · wall_segment Stone Wall x29 |
| 16:33 | YJHAN · wall_segment Stone Wall x17 |
| 17:09 | SGTJAMTART · first_building Archery Range |
| 18:04 | musaugal7 · first_building Archery Range |
| 19:03 | nabil1985 · first_building Archery Range |
| 19:33 | kzakaria9191 · first_building Stable |
| 19:44 | Imported Heineken™ ★ · age_up castle |
| 20:22 | YJHAN · first_market_buy 100 food |
| 20:37 | YJHAN · first_market_sell 100 wood |
| 20:47 | musaugal7 · wall_segment Stone Wall x25 |
| 22:29 | YJHAN · wall_segment Stone Wall x25 |
| 22:29 | nabil1985 · first_market_sell 100 food |
| 23:17 | Imported Heineken™ ★ · first_building Castle |
| 24:36 | musaugal7 · wall_segment Stone Wall x8 |
| 24:58 | kzakaria9191 · age_up castle |
| 25:01 | dipirono8847 · first_building Barracks |
| 25:14 | nabil1985 · age_up castle |
| 26:15 | YJHAN · wall_segment Stone Wall x5 |
| 26:23 | YJHAN · wall_segment Stone Wall x16 |
| 26:51 | naps · age_up castle |
| 27:15 | Imported Heineken™ ★ · first_building Monastery |
| 27:25 | YJHAN · wall_segment Stone Wall x9 |
| 27:31 | kzakaria9191 · first_building Castle |
| 27:32 | YJHAN · wall_segment Stone Wall x10 |
| 27:38 | YJHAN · wall_segment Stone Wall x16 |
| 27:46 | nabil1985 · first_building Castle |
| 28:03 | naps · first_building Siege Workshop |
| 28:04 | nabil1985 · first_building Monastery |
| 28:11 | musaugal7 · resign |
| 28:49 | YJHAN · first_building Stable |
| 29:05 | Imported Heineken™ ★ · wall_segment Palisade Wall x5 |
| 29:16 | dipirono8847 · first_building Stable |
| 30:31 | kzakaria9191 · wall_segment Stone Wall x48 |
| 30:41 | YJHAN · wall_segment Stone Wall x24 |
| 30:41 | YJHAN · wall_segment Stone Wall x5 |
| 31:14 | YJHAN · age_up castle |
| 33:23 | YJHAN · wall_segment Stone Wall x22 |
| 33:48 | YJHAN · first_building Siege Workshop |
| 34:16 | dipirono8847 · first_building Castle |
| 34:56 | Imported Heineken™ ★ · first_market_sell 100 food |
| 35:24 | SGTJAMTART · first_building Castle |
| 35:42 | SGTJAMTART · first_building Stable |
| 37:01 | YJHAN · first_building Monastery |
| 38:12 | Imported Heineken™ ★ · age_up imperial |
| 39:20 | Imported Heineken™ ★ · wall_segment Stone Wall x14 |
| 39:40 | Imported Heineken™ ★ · wall_segment Stone Wall x22 |
| 39:41 | Imported Heineken™ ★ · wall_segment Stone Wall x9 |
| 39:45 | dipirono8847 · first_building Archery Range |
| 41:04 | nabil1985 · age_up imperial |
| 41:39 | nabil1985 · first_building Stable |
| 41:53 | YJHAN · first_building Castle |
| 42:05 | YJHAN · wall_segment Stone Wall x9 |
| 42:09 | YJHAN · wall_segment Stone Wall x12 |
| 42:47 | Imported Heineken™ ★ · wall_segment Stone Wall x1 |
| 42:53 | Imported Heineken™ ★ · wall_segment Stone Wall x3 |
| 44:12 | kzakaria9191 · age_up imperial |
| 44:27 | dipirono8847 · wall_segment Stone Wall x1 |
| 45:24 | kzakaria9191 · first_market_buy 100 stone |
| 45:28 | naps · first_building Castle |
| 45:45 | naps · age_up imperial |
| 46:53 | Imported Heineken™ ★ · wall_segment Stone Wall x7 |
| 48:27 | Imported Heineken™ ★ · first_building Stable |
| 49:41 | naps · first_building Stable |
| 52:16 | Imported Heineken™ ★ · first_building Siege Workshop |
| 54:04 | Imported Heineken™ ★ · wall_segment Stone Wall x7 |
| 54:07 | YJHAN · age_up imperial |
| 54:13 | Imported Heineken™ ★ · wall_segment Stone Wall x13 |
| 54:15 | Imported Heineken™ ★ · wall_segment Stone Wall x10 |
| 55:18 | Imported Heineken™ ★ · wall_segment Stone Wall x7 |
| 55:22 | Imported Heineken™ ★ · wall_segment Stone Wall x33 |
| 57:48 | Imported Heineken™ ★ · wall_segment Stone Wall x1 |
| 60:30 | Imported Heineken™ ★ · first_market_buy 100 stone |
[ AI ANALYSIS · 1 CREDIT ]
What really happened in this match?
Wolo.gg analyzes every decision: build order, eco, micro, common mistakes by bracket. Personalized analysis on WhatsApp or Discord in 30 seconds.
Civ guide
Koreans
Map guide
Oasis
Perfil
Imported Heineken™ ★